 Dungeon Crawl Stone Soup version 0.27-a0-328-g7f782ed93a (webtiles) character file.

Game seed: 1067750452239270224

370798 wakim the Unseen (level 22, -13/206 HPs)
             Began as an Octopode Venom Mage on Feb 11, 2021.
             Was an Initiate of Gozag.
             Killed from afar by a hellion (19 damage)
             ... with damnation
             ... on level 1 of the Depths.
             The game lasted 03:34:23 (61926 turns).

wakim the Unseen (Octopode Venom Mage)             Turns: 61926, Time: 03:34:24

Health: -13/206    AC: 34    Str: 18    XL:     22   Next: 66%
Magic:  32/36      EV: 21    Int: 29    God:    Gozag
Gold:   1062       SH: 16    Dex: 12    Spells: 7/41 levels left

rFire    + + .     SeeInvis +     - Unarmed
rCold    + + .     Faith    .   w - +2 buckler of Starshine {rC- Will+++ Regen+ Int+4}
rNeg     + + .     Spirit   .   e - +2 hat {Will+}
rPois    ∞         Reflect  +   P - amulet "Jolashreb" {Reflect +Fly rF+ rC+ SH+5}
rElec    +         Harm     .   b - +4 ring of protection
rCorr    +         Rampage  .   H - ring of resist corrosion
Will     +++++                  K - ring "Hupoudee" {rN+ Str+5 SInv}
Stlth    ++++++++..             O - ring "Opith" {rF+ Slay+6}
HPRegen  0.84/turn              Y - ring of Tohaloes {rC+ Int+3}
MPRegen  0.25/turn              Z - ring of the Equinox {rPois Slay+4}
                                t - ring of willpower
                                M - ring of protection from cold

@: statue-form, studying Summonings, very slow
A: almost no armour, stealthy swim, amphibious, 8 rings, constrict 8, antennae
1, large bone plates 1, camouflage 1
}: 2/15 runes: barnacled, gossamer
a: End Transformation, Renounce Religion, Evoke Flight, Potion Petition, Call
Merchant, Bribe Branch


You were on level 1 of the Depths.
You worshipped Gozag.
Gozag was most pleased with you.
You were a stone statue.
You visited 9 branches of the dungeon, and saw 39 of its levels.
You also visited: Ice Cave.

You collected 17295 gold pieces.
You spent 5979 gold pieces at shops.
You paid 10254 gold pieces to Gozag.

Inventory:

Hand Weapons
 V - the +9 lajatang "Saryavil" {drain, SInv}
   (You found it on level 2 of the Shoals)

   A truly terrible weapon, it drains the life of those it strikes.
   It lets you see invisible.
Missiles
 q - 24 boomerangs (quivered)
 C - 7 throwing nets
Armour
 e - a +2 hat of willpower (worn)
 w - the +2 buckler of Starshine (worn) {rC- Will+++ Regen+ Int+4}
   (You bought it in a shop on level 2 of the Lair of Beasts)

   It affects your intelligence (+4).
   It makes you vulnerable to cold.
   It affects your willpower, your defense against some magical effects.
   It increases your rate of regeneration.
Jewellery
 a - a ring of protection from fire
 b - a +4 ring of protection (left tentacle)
 t - a ring of willpower (on tentacle)
 A - the ring "Yporeidun" {rPois rN+ SInv}
   (You acquired it on level 1 of the Elven Halls)

   [ring of positive energy]

   It protects you from poison.
   It protects you from negative energy.
   It lets you see invisible.
 E - the ring of Youthful Indiscretion {Int+6 Dex+5}
   (You found it in an ice cave)

   [ring of intelligence]

   It affects your intelligence (+6).
   It affects your dexterity (+5).
 H - a ring of resist corrosion (right tentacle)
 K - the ring "Hupoudee" (on tentacle) {rN+ Str+5 SInv}
   (You bought it in a shop on level 2 of the Elven Halls)

   [ring of positive energy]

   It affects your strength (+5).
   It protects you from negative energy.
   It lets you see invisible.
 L - a +4 ring of evasion
 M - a ring of protection from cold (on tentacle)
 O - the ring "Opith" (on tentacle) {rF+ Slay+6}
   (You bought it in a shop on level 13 of the Dungeon)

   [ring of protection from fire]

   It affects your accuracy and damage with ranged weapons and melee attacks
   (+6).
   It protects you from fire.
 P - the amulet "Jolashreb" (around mantle) {Reflect +Fly rF+ rC+ SH+5}
   (You bought it in a shop on level 13 of the Dungeon)

   [amulet of reflection]

   It shields you and reflects attacks.
   It protects you from fire.
   It protects you from cold.
   It lets you fly.
   It affects your SH (+5).
 S - a ring of protection from cold
 W - the amulet "Anoskykh" {Acrobat Str+4 Int+3}
   (You found it on level 1 of the Elven Halls)

   [amulet of the acrobat]

   It helps you evade while moving and waiting.
   It affects your strength (+4).
   It affects your intelligence (+3).
 X - an amulet of regeneration
 Y - the ring of Tohaloes (on tentacle) {rC+ Int+3}
   (You found it on level 1 of the Elven Halls)

   [ring of protection from cold]

   It affects your intelligence (+3).
   It protects you from cold.
 Z - the ring of the Equinox (on tentacle) {rPois Slay+4}
   (You bought it in a shop on level 1 of the Elven Halls)

   [ring of slaying]

   It affects your accuracy and damage with ranged weapons and melee attacks
   (+4).
   It protects you from poison.
Wands
 j - a wand of digging (26)
 n - a wand of iceblast (13)
 D - a wand of polymorph (24)
 J - a wand of mindburst (73)
Scrolls
 c - 3 scrolls of magic mapping
 d - 4 scrolls of blinking
 f - 3 scrolls of amnesia
 h - 4 scrolls of enchant weapon
 k - 11 scrolls of identify
 l - 4 scrolls of immolation
 m - a scroll of summoning
 o - 6 scrolls of fear
 r - 11 scrolls of teleportation
 v - 4 scrolls of enchant armour
 y - a scroll of holy word
 Q - a scroll of silence
 R - 2 scrolls of fog
Potions
 g - 15 potions of brilliance
 i - 4 potions of cancellation
 p - 12 potions of heal wounds
 s - 4 potions of haste
 u - 9 potions of curing
 x - 3 potions of might
 z - 3 potions of flight
 N - a potion of magic
 T - 3 potions of ambrosia
 U - 3 potions of berserk rage


   Skills:
 * Level 15.6 Fighting
 * Level 17.1 Dodging
 + Level 18.2 Stealth
 - Level 4.0 Shields
 * Level 17.1 Unarmed Combat
 + Level 10.2 Spellcasting
 + Level 12.4 Transmutations
 - Level 4.0 Fire Magic
 - Level 6.0 Ice Magic
 - Level 4.0 Air Magic
 - Level 10.0 Earth Magic
 - Level 13.0 Poison Magic
 - Level 4.3 Evocations


You had 7 spell levels left.
You knew the following spells:

 Your Spells              Type           Power        Failure   Level
a - Yara's Violent Unrav  Hex/Tmut       25%          8%          5
b - Poisonous Vapours     Pois/Air       100%         1%          2
c - Olgreb's Toxic Radia  Pois           74%          1%          4
d - Ignite Poison         Fire/Tmut/Pois 64%          1%          3
e - Mephitic Cloud        Conj/Pois/Air  47%          1%          3
f - Statue Form           Tmut/Erth      45%          5%          6
g - Blade Hands           Tmut           36%          1%          5
h - Passwall              Tmut/Erth      56%          1%          2
i - Ice Form              Ice/Tmut       62%          1%          4

Your spell library contained the following spells:

 Spells                   Type           Power        Failure   Level
 Beastly Appendage        Tmut           100%         1%          1
 Shock                    Conj/Air       100%         1%          1
 Sting                    Tmut/Pois      100%         1%          1
 Swiftness                Air            38%          1%          2
 Wereblood                Tmut           72%          1%          2
 Spider Form              Tmut/Pois      36%          1%          3
 Alistair's Intoxication  Tmut/Pois      48%          1%          5
 Lee's Rapid Deconstruct  Erth           32%          1%          5
 Apportation              Tloc           28%          3%          1
 Summon Small Mammal      Summ           56%          3%          1
 Conjure Flame            Conj/Fire      26%          4%          3
 Static Discharge         Conj/Air       26%          4%          3
 Leda's Liquefaction      Hex/Erth       21%          4%          4
 Call Imp                 Summ           14%          5%          2
 Searing Ray              Conj           28%          5%          2
 Airstrike                Air            19%          7%          4
 Call Canine Familiar     Summ           14%          11%         3
 Lesser Beckoning         Tloc           7%           11%         3
 Summon Guardian Golem    Hex/Summ       14%          11%         3
 Tukima's Dance           Hex            14%          11%         3
 Summon Ice Beast         Ice/Summ       32%          11%         4
 Borgnjor's Vile Clutch   Necr/Erth      21%          13%         5
 Summon Lightning Spire   Summ/Air       26%          16%         4
 Bolt of Magma            Conj/Fire/Erth 20%          16%         5
 Metabolic Englaciation   Hex/Ice        16%          30%         5
 Animate Dead             Necr           7%           36%         4
 Cause Fear               Hex            7%           36%         4
 Passage of Golubria      Tloc           N/A          36%         4
 Lightning Bolt           Conj/Air       13%          41%         5
 Silence                  Hex/Air        13%          41%         5
 Iron Shot                Conj/Erth      21%          58%         6
 Iskenderun's Battlesphe  Conj           14%          71%         5
 Summon Forest            Summ/Tloc      7%           71%         5
 Freezing Cloud           Conj/Ice/Air   17%          82%         6
 Simulacrum               Ice/Necr       16%          86%         6
 Conjure Ball Lightning   Conj/Air       13%          94%         6
 Ozocubu's Refrigeration  Ice            24%          95%         7
 Death Channel            Necr           7%           99%         6
 Invisibility             Hex            14%          99%         6
 Shadow Creatures         Summ           N/A          99%         6
 Orb of Destruction       Conj           7%           100%        7
 Spellforged Servitor     Conj/Summ      7%           100%        7
 Summon Hydra             Summ           7%           100%        7
 Discord                  Hex            7%           100%        8
 Shatter                  Erth           32%          100%        9
 Tornado                  Air            19%          100%        9
 Animate Armour           Summ/Erth      Unusable     N/A         4

Dungeon Overview and Level Annotations

Branches:
Dungeon (15/15)            Temple (1/1) D:7            Lair (6/6) D:10
 Shoals (4/4) Lair:2       Spider (4/4) Lair:4        Slime (0/5) Lair:5
    Orc (2/2) D:10            Elf (2/3) Orc:2        Vaults (4/5) D:14
  Crypt (0/3) Vaults:2     Depths (1/5) D:15          IceCv (visited)

Altars:
Ashenzari
Cheibriados
Dithmenos
Elyvilon
Fedhas
Gozag
Hepliaklqana
Kikubaaqudgha
Makhleb
Nemelex Xobeh
Okawaru
Qazlal
Ru
Sif Muna
Trog
Uskayaw
Vehumet
Wu Jian
Xom
Yredelemnul
Zin
The Shining One
Beogh

Shops:
D:9 [   D:10 [***   D:13 :=   D:14 *   Orc:2 *!**   Elf:1 [=?   Elf:2 =
Lair:2 *   Shoals:3 ?   Vaults:3 (*:*!:   Depths:1 *?[=

Portals:
Hell: Depths:1
Abyss: D:6
Trove: D:15 (give 3 potions of resistance)

Annotations:
Lair:5 exclusion: oklob plant
Spider:2 2 transporters, Xenophilius's ghost, adept SpAr


Innate Abilities, Weirdness & Mutations

You cannot wear most types of armour.
You are very stealthy in the water. (Stealth+)
You are amphibious.
You can wear up to eight rings at the same time.
You can use your tentacles to constrict eight enemies at once.
Your skin changes colour to match your surroundings (Stealth+).
((Your rubbery body absorbs attacks. (AC +1, EV +1)))
You have a pair of small antennae on your head.
You are partially covered in large bone plates. (SH +4)


Message History

Casting: Olgreb's Toxic Radiance (safe; 1% risk of failure)
Confirm with . or Enter, or press ? or * to list all spells.
You turn into a living statue of rough stone.
The hellion gives a hideous shriek! x2
The hell hound breathes flames at you. The blast of flame misses you.
The hellion gestures at you.
The sphere of damnation explodes!
The damnation engulfs you!!
Found a ring of fire.
The hell hound breathes flames at you.
The blast of flame hits you but does no damage.
The hellion gestures at you.
The sphere of damnation explodes!
The damnation engulfs you!! The hell hound breathes flames at you.
The blast of flame hits you. You resist. The hellion gestures at you.
The sphere of damnation explodes!
The damnation engulfs you!! The hellion gestures at you.
The sphere of damnation explodes!
The damnation engulfs you!! The hellion gestures at you.
The sphere of damnation explodes!
The damnation engulfs you!!
* * * LOW HITPOINT WARNING * * *
The hellion gestures at you.
The sphere of damnation explodes!
The damnation engulfs you!!
* * * LOW HITPOINT WARNING * * *
The hell hound breathes flames at you. The blast of flame hits you. You resist.
* * * LOW HITPOINT WARNING * * *
The hellion gestures at you.
The sphere of damnation explodes!
The damnation engulfs you!!
* * * LOW HITPOINT WARNING * * *
The hellion gestures at you.
The sphere of damnation explodes!
The damnation engulfs you!!!
* * * LOW HITPOINT WARNING * * *
As you read the scroll of fog, it crumbles to dust.
The scroll dissolves into smoke.
The hellion gestures at you.
The sphere of damnation explodes!
The damnation engulfs you!!
You die...
Your body crumbles into a pile of gold.

....###.....#§≈§≈h...... #...
...###......#.≈≈§≈h:)=.§ #..)
#.###.).....#..≈≈≈≈h2..§ #...
.....)<.....##.≈≈≈≈≈h2§≈ ##...
.....))......#..≈≈≈≈≈§§≈ #....
..)..........#.......... #....
.)..>.)......##§§....... ##....
###...........#§§§§..... #..... #
#...........##8§§..... ##.....
###..[).....)..############......
........###......................
........# #......................
........###......................
.....^..........#........##......
...............###.....######..).
................#.....#+#..#+#...
....#.................##.##.##...


You could see 2 hellions and 3 hell hounds.

Vanquished Creatures
  Mara (Vaults:4)
  Frederick (Vaults:4)
  the Enchantress (Depths:1)
  Jory (Vaults:4)
  A tentacled monstrosity (Vaults:4)
  Rupert (Orc:2)
  Jorgrun (Spider:3)
  Asterion (Spider:3)
  A lich (Vaults:4)
  A deep elf blademaster (Elf:2)
  The ghost of kae the Executioner, an adept HOFi of Qazlal (Shoals:4)
  A sphinx (Vaults:4)
  Kirke (D:15)
  A storm dragon (Vaults:4)
  Roxanne (D:15)
  2 frost giants
  4 ghost moths
  A fire giant (D:14)
  A balrug (Depths:1)
  A deep elf elementalist (Elf:1)
  8 vault wardens
  A deep elf sorcerer (Elf:1)
  Louise (D:15)
  Aizul (Spider:1)
  7 emperor scorpions
  3 spriggan defenders (Depths:1)
  7 ironheart preservers
  6 stone giants
  4 very ugly things
  2 deep elf demonologists (Elf:2)
  Azrael (D:12)
  7 entropy weavers
  A dire elephant (D:15)
  7 spark wasps
  3 ettins
  Snorg (Orc:2)
  7 merfolk javelineers
  Josephine (D:14)
  2 fire dragons
  A great orb of eyes (Vaults:4)
  5 merfolk impalers
  A deep elf death mage (Elf:2)
  8 yaktaur captains
  A jiangshi (Vaults:2)
  Fannar (Lair:2)
  A deep elf high priest (D:14)
  A shambling mangrove (Lair:5)
  9 boulder beetles
  10 hydras
  3 merfolk avatars
  A rakshasa (Vaults:2)
  4 vault guards
  3 ice dragons
  17 centaur warriors
  17 two-headed ogres
  A spriggan air mage (Depths:1)
  7 ogre magi
  A catoblepas (Lair:6)
  2 death knights
  2 merfolk aquamancers (Shoals:4)
  7 death yaks (Lair:6)
  A tengu warrior (D:15)
  A satyr (Shoals:4)
  A deep troll shaman (Lair:6)
  A vampire mage (Vaults:2)
  3 orc high priests (Orc:2)
  A spriggan berserker (Depths:1)
  Nergalle (Lair:3)
  16 deep elf knights
  A soul eater (Depths:1)
  3 shadow wraiths
  5 unseen horrors
  2 glowing orange brains
  5 skeletal warriors
  9 sea snakes
  2 unseen horrors (shapeshifter)
  A glowing orange brain (shapeshifter) (Vaults:1)
  4 deep trolls (Vaults:3)
  A kraken simulacrum (Shoals:4)
  2 wizards
  9 deep elf archers
  12 ironbrand convokers
  11 orc knights
  2 harpies (Shoals:4)
  4 necromancers
  A wolf spider zombie (D:14)
  18 deep elf pyromancers
  26 deep elf zephyrmancers
  38 wolf spiders
  The ghost of ma3 the Magician, a novice GnWn (D:6)
  8 manticores
  12 orb spiders
  49 ugly things
  7 orc sorcerers
  6 cyclopes
  7 fauns
  An elephant (shapeshifter) (D:14)
  A salamander (D:15)
  3 merfolk sirens
  2 moths of wrath
  2 ice statues
  22 elephants
  4 water nymphs
  4 gargoyles
  5 torpor snails
  15 cane toads
  10 vault sentinels
  5 black mambas
  A storm dragon simulacrum (Vaults:3)
  A torpor snail (shapeshifter) (Vaults:3)
  6 rime drakes
  Maggie (Lair:1)
  A komodo dragon (shapeshifter) (Vaults:4)
  33 yaktaurs
  2 kobold demonologists (D:15)
  4 freezing wraiths
  2 efreet (D:14)
  13 komodo dragons
  4 hellwings (Depths:1)
  9 demonic crawlers
  20 polar bears
  4 trolls
  3 red devils (Depths:1)
  3 meliai (D:13)
  A meliai (shapeshifter) (Vaults:4)
  32 jumping spiders
  14 hornets
  5 merfolk
  8 blink frogs (Lair:3)
  A wind drake (shapeshifter) (Vaults:1)
  6 wind drakes
  24 slime creatures
  A meliai zombie (D:13)
  10 dream sheep
  A centaur simulacrum (D:14)
  5 snapping turtles
  4 spriggans (Depths:1)
  36 tarantellas
  8 wraiths
  A redback (shapeshifter) (Vaults:3)
  A shadow (D:15)
  An air elemental (Elf:1)
  68 redbacks
  10 water elementals
  3 wyverns
  A hog (shapeshifter) (Vaults:1)
  44 yaks
  18 humans (D:14)
  A human simulacrum (Vaults:1)
  A vampire mosquito (D:14)
  6 fire elementals
  7 basilisks
  3 hogs (D:15)
  2 acid dragons (D:14)
  3 wargs
  3 hell hounds
  2 soldier ants
  11 water moccasins
  32 orc warriors
  6 black bears
  An ice beast (D:12)
  2 black bears (shapeshifter)
  6 sky beasts
  4 eyes of draining
  3 necrophages
  19 centaurs
  20 ogres
  24 wolves
  5 boggarts (Vaults:3)
  5 kobold brigands
  2 small abominations (D:6)
  Blork the orc (D:4)
  25 bullfrogs
  A wyvern zombie (D:14)
  An earth elemental (Elf:2)
  2 gnoll sergeants
  4 scorpions
  A wyvern skeleton (D:14)
  2 water moccasin skeletons
  4 killer bees (D:8)
  19 wights
  2 oklob saplings (D:8)
  4 howler monkeys
  4 crimson imps (Depths:1)
  2 bullfrog zombies
  3 centaur zombies
  8 hounds
  4 jellies
  Crazy Yiuf (D:6)
  17 orc priests
  5 centaur skeletons
  Ijyb (D:3)
  5 hell rats (Lair:6)
  3 iguanas
  36 orc wizards
  8 worker ants
  3 killer bee zombies
  A hound zombie (D:5)
  A hound skeleton (D:10)
  A worker ant zombie (D:5)
  11 gnolls
  19 adders
  A howler monkey skeleton (D:8)
  A shadow imp (D:5)
  5 white imps
  3 ufetubi
  An ooze (D:1)
  An adder skeleton (D:8)
  2 worms
  A dart slug (D:2)
  6 leopard geckos
  79 orcs
  5 giant cockroaches
  A goblin (D:2)
  8 hobgoblins
  7 jackals
  15 kobolds
  4 quokkas
  7 ball pythons
  2 bats
  10 frilled lizards
  A giant cockroach zombie (D:3)
  A jackal skeleton (D:4)
  A leopard gecko skeleton (D:8)
  A leopard gecko zombie (D:8)
  12 rats
  8 ballistomycete spores (Lair:5)
1502 creatures vanquished.

Vanquished Creatures (others)
  Bai Suzhen (Shoals:3)
  An ogre mage (Vaults:3)
  20 dancing weapons
  A manticore (D:15)
  A snapping turtle (Shoals:3)
  3 wolves (IceCv)
  A kobold brigand (D:15)
  A crimson imp (Depths:1)
  57 fungi
  72 plants
158 creatures vanquished.

Grand Total: 1660 creatures vanquished

Notes
Turn   | Place    | Note
-------+----------+-------------------------------------------
     0 | D:1      | wakim the Octopode Venom Mage began the quest for the Orb.
     0 | D:1      | Reached XP level 1. HP: 11/11 MP: 3/3
    70 | D:1      | Reached XP level 2. HP: 17/17 MP: 5/5
   377 | D:1      | Learned a level 2 spell: Poisonous Vapours
   798 | D:1      | Reached XP level 3. HP: 21/21 MP: 6/6
   928 | D:2      | Reached skill level 1 in Unarmed Combat
  1056 | D:2      | Found an iron altar of Okawaru.
  1233 | D:2      | Reached XP level 4. HP: 27/27 MP: 8/8
  1997 | D:3      | Learned a level 4 spell: Olgreb's Toxic Radiance
  1999 | D:3      | Noticed Ijyb
  2374 | D:3      | Reached skill level 5 in Poison Magic
  2452 | D:3      | Reached XP level 5. HP: 31/31 MP: 5/9
  2505 | D:3      | Reached skill level 1 in Shields
  2590 | D:3      | Killed Ijyb
  2968 | D:3      | Found a faded altar of an unknown god.
  3103 | D:4      | Noticed Blork the orc
  3108 | D:4      | Killed Blork the orc
  3109 | D:4      | Reached XP level 6. HP: 36/36 MP: 11/11
  3173 | D:4      | Learned a level 3 spell: Ignite Poison
  3686 | D:5      | Entered Level 5 of the Dungeon
  3692 | D:5      | Reached XP level 7. HP: 36/41 MP: 13/13
  4929 | D:6      | Reached XP level 8. HP: 43/46 MP: 14/14
  5018 | D:6      | Identified the +11 trident "Banisher" {distort, Str+2}
  5022 | D:6      | Found a transporter.
  5027 | D:6      | Found a transporter.
  5060 | D:6      | Reached skill level 5 in Unarmed Combat
  5145 | D:6      | Found a one-way gate to the infinite horrors of the Abyss.
  5471 | D:6      | Found a runed translucent door.
  5472 | D:6      | Noticed Crazy Yiuf
  5478 | D:6      | Killed Crazy Yiuf
  5806 | D:6      | Noticed ma3's ghost (novice GnWn)
  5981 | D:7      | Reached skill level 3 in Stealth
  6098 | D:7      | Reached skill level 1 in Fighting
  6201 | D:7      | Reached XP level 9. HP: 54/54 MP: 13/15
  6259 | D:7      | Found a staircase to the Ecumenical Temple.
  6307 | Temple   | Entered the Ecumenical Temple
  6424 | Temple   | Became a worshipper of Gozag Ym Sagoz the Greedy
  6618 | D:7      | Reached skill level 4 in Stealth
  6725 | D:7      | Noticed a cyclops
  6742 | D:7      | Killed a cyclops
  6853 | D:7      | Found a shimmering altar of Xom.
  6946 | D:7      | Reached skill level 5 in Stealth
  7445 | D:8      | Reached skill level 5 in Fighting
  7445 | D:8      | Reached skill level 6 in Stealth
  7988 | D:8      | Reached XP level 10. HP: 65/66 MP: 16/16
  8177 | D:8      | Reached skill level 5 in Dodging
  9129 | D:8      | Found a blossoming altar of Fedhas.
  9346 | D:9      | Found a shimmering altar of Xom.
  9374 | D:9      | Found Heboloed's Armour Emporium.
  9663 | D:9      | Reached skill level 1 in Fire Magic
 10098 | D:9      | Noticed a two-headed ogre
 10107 | D:9      | Killed a two-headed ogre
 10379 | D:10     | Entered Level 10 of the Dungeon
 10429 | D:10     | Found a staircase to the Orcish Mines.
 10445 | D:10     | Reached skill level 5 in Spellcasting
 10848 | D:10     | Reached XP level 11. HP: 69/71 MP: 18/18
 10851 | D:10     | Reached skill level 10 in Unarmed Combat
 11072 | D:10     | Found a staircase to the Lair.
 11376 | Orc:1    | Entered Level 1 of the Orcish Mines
 11376 | Orc:1    | Noticed an ettin
 11383 | Orc:1    | Killed an ettin
 11386 | Orc:1    | Noticed an orc sorcerer
 11387 | Orc:1    | Noticed an orc sorcerer
 11503 | Orc:1    | Killed an orc sorcerer
 11584 | Orc:1    | Noticed an orc knight
 11588 | Orc:1    | Killed an orc sorcerer
 11590 | Orc:1    | Killed an orc knight
 11703 | Orc:1    | Noticed an orc knight
 11719 | D:10     | Killed an orc knight
 12460 | Orc:1    | You fall into a shaft and drop 1 floor!
 12460 | Orc:2    | Entered Level 2 of the Orcish Mines
 12460 | Orc:2    | Found a roughly hewn altar of Beogh.
 13051 | D:10     | Bought a glowing garnet ring for 170 gold pieces
 13067 | Orc:2    | Noticed an orc sorcerer
 13186 | Orc:2    | Killed an orc sorcerer
 13382 | Orc:2    | Found a staircase to the Elven Halls.
 13472 | Orc:2    | Reached XP level 12. HP: 77/77 MP: 17/21
 13616 | Orc:2    | Noticed Snorg
 13621 | Orc:2    | Killed Snorg
 13745 | Orc:2    | Found Jiwefur's General Store.
 13747 | Orc:2    | Noticed an orc high priest
 13751 | Orc:2    | Killed an orc high priest
 14125 | Orc:2    | Reached skill level 10 in Dodging
 14301 | Orc:2    | Noticed an orc high priest
 14306 | Orc:2    | Killed an orc high priest
 14384 | Orc:2    | Noticed an orc high priest
 14387 | Orc:2    | Noticed a sun demon
 14388 | Orc:2    | Killed an orc high priest
 14520 | Orc:2    | Found Novver's Assorted Antiques.
 14525 | Orc:2    | Found Onnusch's Distillery.
 14525 | Orc:2    | Found Duhin's General Store.
 14547 | Orc:2    | Bought a potion of heal wounds for 65 gold pieces
 14549 | Orc:2    | Bought a potion of curing for 36 gold pieces
 14614 | Orc:2    | Noticed Rupert
 14763 | Orc:2    | Killed Rupert
 14764 | Orc:2    | Reached skill level 7 in Stealth
 14967 | Orc:2    | Bought a silver ring for 140 gold pieces
 14967 | Orc:2    | Bought a large copper ring for 140 gold pieces
 15044 | Lair:1   | Entered Level 1 of the Lair of Beasts
 15050 | Lair:1   | Noticed Maggie
 15058 | Lair:1   | Killed Maggie
 15070 | D:10     | Reached XP level 13. HP: 67/85 MP: 8/22
 15442 | Lair:1   | Reached skill level 8 in Stealth
 17812 | Lair:2   | Noticed Fannar
 17816 | Lair:2   | Killed Fannar
 18038 | Lair:2   | Found a staircase to the Shoals.
 18328 | Lair:1   | Reached skill level 10 in Poison Magic
 19820 | Lair:3   | Reached skill level 9 in Stealth
 20102 | Lair:2   | Gained mutation: You are partially covered in large bone
                  | plates. (SH +4) [potion of mutation]
 20102 | Lair:2   | Gained mutation: You have a pair of small antennae on your
                  | head. [potion of mutation]
 20205 | Lair:3   | Found a burning altar of Makhleb.
 20222 | Lair:3   | Noticed Nergalle
 20234 | Lair:3   | Killed Nergalle
 21498 | D:10     | Bought a runed hat for 210 gold pieces
 22071 | Lair:4   | Reached skill level 10 in Stealth
 22071 | Lair:4   | Reached XP level 14. HP: 97/97 MP: 20/23
 22551 | Lair:4   | Found a snail-covered altar of Cheibriados.
 22996 | Lair:4   | Found a hole to the Spider Nest.
 23163 | Lair:4   | Reached skill level 10 in Fighting
 23960 | Lair:5   | Reached skill level 1 in Evocations
 24741 | Lair:5   | Learned a level 3 spell: Mephitic Cloud
 25622 | Lair:5   | Found a staircase to the Slime Pits.
 26282 | Lair:6   | Entered Level 6 of the Lair of Beasts
 26448 | Lair:6   | Found a frozen archway.
 26454 | IceCv    | Entered an ice cave
 26492 | IceCv    | Reached skill level 11 in Stealth
 26569 | IceCv    | Reached skill level 5 in Transmutations
 26747 | IceCv    | Learned a level 6 spell: Statue Form
 27224 | IceCv    | Got a scorched bronze ring
 27300 | IceCv    | Noticed a frost giant
 27306 | IceCv    | Killed a frost giant
 27307 | IceCv    | Reached XP level 15. HP: 62/106 MP: 26/26
 27606 | IceCv    | Learned a level 4 spell: Ice Form
 27732 | IceCv    | Identified the ring of Youthful Indiscretion {Int+6 Dex+5}
                  | (You found it in an ice cave)
 27735 | IceCv    | Reached XP level 16. HP: 112/112 MP: 27/27
 29959 | D:11     | Found a blossoming altar of Fedhas.
 30678 | D:12     | Reached skill level 1 in Earth Magic
 30753 | D:12     | Learned a level 2 spell: Passwall
 30981 | D:12     | Noticed Azrael
 31114 | D:12     | Killed Azrael
 32553 | D:13     | Reached skill level 12 in Stealth
 32685 | D:13     | Reached skill level 1 in Air Magic
 33377 | D:13     | Found a roughly hewn altar of Beogh.
 33687 | D:14     | Found Riottonk's Assorted Antiques.
 33773 | D:14     | Reached skill level 5 in Ice Magic
 34494 | D:14     | Noticed Josephine
 34504 | D:14     | Killed Josephine
 34656 | D:14     | HP: 4/112 [fire giant/fireball (28)]
 35093 | D:14     | Reached XP level 17. HP: 102/117 MP: 29/29
 36518 | D:13     | Bought the ring "Opith" {rF+ Slay+6} for 915 gold pieces
 36518 | D:13     | Bought the amulet "Jolashreb" {Reflect +Fly rF+ rC+ SH+5}
                  | for 849 gold pieces
 36712 | D:14     | Reached skill level 5 in Earth Magic
 36825 | D:14     | Found a gate to the Vaults.
 37013 | D:15     | Entered Level 15 of the Dungeon
 37156 | D:15     | Noticed Roxanne
 37367 | D:15     | Found a portal to a secret trove of treasure.
 38010 | D:15     | Noticed Kirke
 38034 | D:15     | Killed Kirke
 38041 | D:15     | Noticed Louise
 38245 | D:15     | Killed Louise
 38998 | D:15     | Found a staircase to the Depths.
 39328 | D:15     | Killed Roxanne
 39612 | Spider:1 | Entered Level 1 of the Spider Nest
 40065 | Spider:1 | Noticed Aizul
 40312 | Spider:1 | Killed Aizul
 40920 | Spider:2 | Reached XP level 18. HP: 118/126 MP: 25/30
 40946 | Spider:1 | Reached skill level 13 in Stealth
 41448 | Spider:1 | HP: 6/163 [emperor scorpion (18)]
 41454 | Spider:1 | HP: 4/163 [emperor scorpion (11)]
 42289 | Spider:2 | Found a transporter.
 42294 | Spider:2 | Found a transporter.
 42294 | Spider:2 | Noticed Xenophilius's ghost (adept SpAr)
 42611 | D:6      | Killed ma3's ghost
 43356 | Lair:4   | Reached skill level 10 in Transmutations
 43498 | Lair:5   | Learned a level 5 spell: Yara's Violent Unravelling
 44534 | Spider:3 | Noticed Jorgrun
 44553 | Spider:3 | Killed Jorgrun
 44681 | Spider:3 | Noticed Asterion
 45119 | Spider:3 | Killed Asterion
 45591 | Spider:4 | Entered Level 4 of the Spider Nest
 47647 | Spider:4 | Reached XP level 19. HP: 92/133 MP: 0/32
 47662 | Spider:4 | Reached skill level 14 in Stealth
 47961 | Spider:4 | Got a gossamer rune of Zot
 48323 | Shoals:1 | Entered Level 1 of the Shoals
 48332 | Lair:2   | Bought a scorched buckler for 380 gold pieces
 48342 | Lair:2   | Identified the +2 buckler of Starshine {rC- Will+++ Regen+
                  | Int+4} (You bought it in a shop on level 2 of the Lair of
                  | Beasts)
 49524 | Shoals:2 | Got a smoking lajatang
 49527 | Shoals:2 | Identified the +9 lajatang "Saryavil" {drain, SInv} (You
                  | found it on level 2 of the Shoals)
 50275 | Shoals:3 | Noticed Bai Suzhen
 50293 | Shoals:3 | Killed Bai Suzhen
 50343 | Shoals:3 | Found Omiagh's Magic Scroll Boutique.
 50354 | Shoals:3 | Bought a scroll of teleportation for 51 gold pieces
 51000 | Shoals:4 | Entered Level 4 of the Shoals
 51276 | Shoals:4 | Found a runed translucent door.
 51277 | Shoals:4 | Noticed kae's ghost (adept HOFi)
 51347 | Shoals:4 | Found a glowing silver altar of Zin.
 51643 | Shoals:4 | Killed kae's ghost
 51826 | Shoals:4 | Reached skill level 15 in Dodging
 51852 | Shoals:4 | Got a barnacled rune of Zot
 52199 | Shoals:4 | Reached skill level 15 in Unarmed Combat
 52945 | Vaults:1 | Entered Level 1 of the Vaults
 53659 | Vaults:1 | Reached XP level 20. HP: 141/141 MP: 29/33
 54110 | Vaults:1 | Reached skill level 15 in Stealth
 54120 | Vaults:1 | Reached skill level 10 in Spellcasting
 54668 | Vaults:2 | Found a staircase to the Crypt.
 55661 | Vaults:3 | Found Wynaomiull's Book Shop.
 55801 | Vaults:3 | Found Haacs's Distillery.
 55811 | Vaults:3 | Bought a potion of haste for 170 gold pieces
 55856 | Vaults:3 | Found Hemoalu's Assorted Antiques.
 56085 | Vaults:3 | Found Zomuemn's Antique Weapon Boutique.
 56339 | Vaults:3 | Reached skill level 16 in Stealth
 56742 | Vaults:4 | Reached skill level 10 in Earth Magic
 56783 | Vaults:4 | Reached XP level 21. HP: 132/148 MP: 32/35
 57021 | Vaults:4 | Noticed Mara
 57025 | Vaults:4 | Noticed wakim's illusion
 57033 | Vaults:4 | Noticed wakim's illusion
 57036 | Vaults:4 | Killed Mara
 57306 | Vaults:4 | Noticed Jory
 57320 | Vaults:4 | Killed Jory
 57404 | Vaults:4 | Noticed Frederick
 57425 | Vaults:4 | Killed Frederick
 57695 | Vaults:4 | Identified Sif Muna's Volume of Calling
 58066 | Vaults:4 | Reached skill level 17 in Stealth
 58469 | Elf:1    | Entered Level 1 of the Elven Halls
 58501 | Elf:1    | Got a twitching copper ring
 58520 | Elf:1    | Found Itisurch's Magic Scroll Shoppe.
 58520 | Elf:1    | Found Tiqe Nia's Jewellery Emporium.
 58525 | Elf:1    | Found Bannohal's Antique Armour Shoppe.
 58581 | Elf:1    | Found a flickering gateway to a bazaar.
 58606 | Elf:1    | Bought the ring of the Equinox {rPois Slay+4} for 1427 gold
                  | pieces
 58606 | Elf:1    | Identified the ring of Tohaloes {rC+ Int+3} (You found it
                  | on level 1 of the Elven Halls)
 59050 | Elf:1    | Identified the Papyrus of Supportive Conjuration
 59058 | Elf:1    | Learned a level 5 spell: Blade Hands
 59298 | Elf:1    | Got a vibrating bronze amulet
 59299 | Elf:1    | Identified the amulet "Anoskykh" {Acrobat Str+4 Int+3} (You
                  | found it on level 1 of the Elven Halls)
 59444 | Elf:2    | Reached skill level 15 in Fighting
 59502 | Elf:2    | Found a runed translucent gate.
 59502 | Elf:2    | Found a runed translucent gate.
 59502 | Elf:2    | Found a runed translucent gate.
 59645 | Elf:2    | Found Mem Dom's Jewellery Shoppe.
 59658 | Elf:2    | Bought the ring "Hupoudee" {rN+ Str+5 SInv} for 542 gold
                  | pieces
 59696 | Elf:2    | Reached XP level 22. HP: 157/157 MP: 30/36
 60547 | Elf:1    | Bought a scroll of acquirement for 884 gold pieces
 60547 | Elf:1    | Acquired the ring "Yporeidun" {rPois rN+ SInv}
 60752 | Depths:1 | Entered Level 1 of the Depths
 60872 | Depths:1 | Reached skill level 18 in Stealth
 60979 | Depths:1 | Found Xosoudonoe's Antique Armour Shop.
 61150 | Depths:1 | Noticed the Enchantress
 61152 | Depths:1 | Found Sirem's Jewellery Shop.
 61156 | Depths:1 | Killed the Enchantress
 61170 | Depths:1 | Found Hodecwet's Magic Scroll Boutique.
 61230 | Depths:1 | Found Ymikk's General Store.
 61699 | Depths:1 | Found a gateway to Hell.
 61925 | Depths:1 | HP: 5/206 [hellion/damnation (38)]
 61926 | Depths:1 | Killed from afar by a hellion

Illustrated notes

Levels and vault maps discovered:
D:1:      mushboom_english_gardens, layout_basic, minmay_misc_feat_square
D:2:      layout_loops_corners, okawaru_gym_becter
D:3:      layout_basic, chequers_ecumenical_altar_lobes, uniq_ijyb
D:4:      layout_gridville, uniq_blork_the_orc
D:5:      layout_loops_ring, kennysheep_crisscross
D:6:      layout_gridville, gammafunk_ghost_abyssal_escape,
          uniq_crazy_yiuf_cottage
D:7:      layout_basic, minmay_temple_entry_hall, basic_altar
D:8:      layout_basic, introduction_to_nature_2
D:9:      layout_loops_ring, xom_teletrap_fun, serial_shops, shop_statue,
          dk_noncrumbling_4
D:10:     layout_long_grid, david_lair_generic, orc_0_dummy,
          hangedman_decor_clover_reticule
D:11:     layout_roguey, basic_altar
D:12:     layout_layer_cave, amcnicky_mini_rare_corridor_liquid, uniq_azrael
D:13:     layout_loops_ring, special_room [special_room_orc]
D:14:     nzn_winding_woodlands_small [nzn_winding_woodlands_5x15_zeroes,
          nzn_winding_woodlands_center_pierced_h,
          nzn_winding_woodlands_5x15_eye], layout_layer_cave,
          grunt_vaults_entry_tiered, serial_park_square2, serial_shops,
          nicolae_shop_overgrown_old_shop, minivault_16, uniq_josephine
D:15:     hangedman_depths_entry_try_elsewhere_first, layout_long_grid,
          enter_trove_0, hangedman_abyss_or_decor_stabs, st_stairs_12,
          uniq_roxanne, uniq_kirke, uniq_louise
Temple:   kilobyte_greek_temple
Lair:1:   layout_cave_pods, uniq_maggie
Lair:2:   layout_layer_cave, minmay_shoals_entry_beasts, uniq_fannar
Lair:3:   layout_small_grid, basic_altar, uniq_nergalle
Lair:4:   layout_concentric_octagons, spider_nest_entry_a,
          kennysheep_snail_temple, grunt_megastairs_2, lemuel_fruit_tree
Lair:5:   layout_long_grid, minmay_slime_entry_oklob_open, guppyfry_lair_drakes
Lair:6:   grunt_lair_end_beastmaster, layout_regular_city,
          portal_ice_cave_entry_pillars_2, chequers_serial_rivers_small_3
Shoals:1: layout_shoals
Shoals:2: layout_shoals
Shoals:3: layout_shoals, serial_shops, nicolae_shop_stone,
          nicolae_shoals_hunting_party, uniq_bai_suzhen
Shoals:4: shoals_end_grunt_ice, layout_shoals, gammafunk_ghost_grave,
          lemuel_centaur_altar
Spider:1: layout_spider_delve, drop_trap, uniq_aizul
Spider:2: layout_spider_delve, gammafunk_ghost_arena, drop_trap
Spider:3: layout_spider_delve, nicolae_spider_cling_halls, uniq_jorgrun,
          uniq_asterion
Spider:4: spider_rune_water
Orc:1:    layout_diamond_mine
Orc:2:    st_orc_elflike, layout_caves, amcnicky_altar_gilded, uniq_rupert,
          uniq_snorg
Elf:1:    minmay_ambush_box, layout_loops_ring, serial_shops, bzr_entry_water,
          minmay_elf_sorcery, minmay_shop_star
Elf:2:    layout_gridlike, serial_shops, nicolae_shop_stone
Vaults:1: ontoclasm_vaults_tryst, nicolae_vaults_fighting_squares,
          grunt_vaults_hallway_long, vaults_mumra_hex, v_alt_pattern_4,
          ontoclasm_vaults_ring_large, nicolae_vaults_diagonal_hallway_6,
          v_misc_11, vaults_room_pool, ontoclasm_vaults_spin,
          nicolae_vaults_little_squares_2, ontoclasm_vaults_misaligned,
          vaults_room_corners, layout_vaults_ring
Vaults:2: v_misc_5, minmay_crypt_entry_simple_walls, v_misc_31, v_misc_16,
          hangedman_vaults_capsules, nicolae_vaults_diagonal_hallway_6,
          vaults_room_semicircle, nicolae_vaults_three_branches,
          layout_vaults_omnigrid
Vaults:3: v_misc_3, nicolae_vaults_ninety_degrees, hangedman_vaults_stitches,
          hangedman_vaults_nodes, v_misc_26, hangedman_vaults_corner_blocks,
          dpeg_vaults_monster_box, layout_vaults_omnicross, serial_shops, shop,
          nicolae_shop_trees, shop, nicolae_shop_temple_entry_statues_fountains
Vaults:4: grunt_vaults_twisty, vaults_dpeg_diagonal,
          nicolae_vaults_network_barrier, st_lattice,
          nicolae_vaults_twisting_passages, hangedman_vaults_nails, v_misc_3,
          v_pattern_5, nicolae_vaults_specimen_jars, vaults_room_pool,
          layout_vaults_chaotic_city, uniq_frederick, uniq_jory, uniq_mara
Depths:1: layout_big_octagon, minivault_11, hellmouth_2, drop_trap,
          minivault_22, evilmike_butchery, serial_bayou_shore_a,
          serial_bayou_shore_b, minmay_shoptagon, uniq_enchantress

Skill      XL: |  1  2  3  4  5  6  7  8  9 10 11 12 13 14 15 16 17 18 19 20 21 22 |
---------------+-------------------------------------------------------------------+-----
Poison Magic   | 4 5 6 7 8 9 10 11 12 13 | 13.0
Unarmed Combat | 1 2 4 7 8 9 10 12 13 14 15 16 17 | 17.1
Spellcasting   | 3 4 5 6 7 8 9 10 | 10.2
Shields        | 2 3 4 |  4.0
Stealth        | 3 6 7 10 11 12 13 14 16 17 18 | 18.2
Fighting       | 2 5 6 9 11 12 13 14 15 | 15.6
Dodging        | 4 6 8 10 11 12 13 14 15 16 17 | 17.1
Fire Magic     | 2 4 |  4.0
Transmutations | 2 4 5 7 8 9 10 11 12 | 12.4
Evocations     | 4 |  4.3
Ice Magic      | 3 5 6 |  6.0
Earth Magic    | 4 7 8 9 10 | 10.0
Air Magic      | 2 4 |  4.0

Action                   |  1- 3 |  4- 6 |  7- 9 | 10-12 | 13-15 | 16-18 | 19-21 | 22-24 || total
-------------------------+-------+-------+-------+-------+-------+-------+-------+-------++-------
Melee: Unarmed           |    44 |    41 |   126 |   170 |   255 |   709 |   619 |   124 ||  2088
       Tentacles         |     7 |     8 |    26 |    33 |    59 |    84 |   140 |    19 ||   376
       Constrict         |     9 |    10 |    25 |    34 |    41 |    46 |   105 |    23 ||   293
       Punch             |       |       |     4 |    11 |    18 |    37 |    89 |    17 ||   176
Throw: Boomerang         |       |       |       |       |     5 |    13 |     1 |       ||    19
 Cast: Sting             |     4 |       |       |     9 |     2 |       |       |       ||    15
       Poisonous Vapours |    20 |    68 |    42 |    48 |    10 |     9 |    19 |       ||   216
       Olgreb's Toxic Ra |       |     2 |    29 |    82 |   127 |   220 |   128 |    21 ||   609
       Ignite Poison     |       |       |    26 |    62 |    84 |   139 |    95 |    17 ||   423
       Ice Form          |       |       |       |       |       |    39 |       |       ||    39
       Statue Form       |       |       |       |       |       |    30 |    77 |    14 ||   121
       Yara's Violent Un |       |       |       |       |       |     4 |       |       ||     4
       Blade Hands       |       |       |       |       |       |       |     1 |     1 ||     2
Invok: Call Merchant     |       |       |       |     2 |     1 |     3 |     3 |       ||     9
Evoke: Wand              |       |       |       |       |    24 |     6 |       |       ||    30
  Use: Scroll            |       |       |     4 |    10 |     8 |     6 |     6 |     2 ||    36
       Potion            |       |       |       |       |    12 |     4 |       |       ||    16
 Stab: Sleeping          |     3 |     2 |     2 |     2 |     7 |    12 |    31 |     6 ||    65
       Distracted        |       |       |       |       |     4 |     7 |    11 |       ||    22
Armor: Skin              |     6 |     4 |    18 |    20 |    28 |   262 |   205 |    69 ||   612
Dodge: Dodged            |    26 |    39 |    65 |   108 |   187 |   781 |   498 |   100 ||  1804
Block: Buckler           |       |     6 |    25 |    33 |    92 |   401 |   531 |   137 ||  1225
       Other             |       |       |       |       |       |    38 |       |       ||    38
       Reflection        |       |       |       |       |       |    18 |    95 |     5 ||   118

Table legend: (Time is in decaauts)
 A = Elapsed time spent in this place.
 B = Non-inter-level travel time spent in this place.
 C = Inter-level travel time spent in this place.
 D = Time resting spent in this place.
 E = Time spent auto-exploring this place.
 F = Levels seen in this place.
 G = Mean time per level.
                   A        B        C        D        E       F      G
               +--------+--------+--------+--------+--------+-----+--------+
         Total |  64696 |  60953 |   3743 |  23309 |  25435 |  40 | 1617.4 |
       Dungeon |  23114 |  21415 |   1699 |   8313 |   8693 |  15 | 1540.9 |
        Temple |    159 |    159 |      0 |      0 |    141 |   1 |  159.0 |
          Lair |  15350 |  14315 |   1035 |   7696 |   4788 |   6 | 2558.3 |
        Shoals |   4896 |   4667 |    229 |   1157 |   2624 |   4 | 1224.0 |
   Spider Nest |   6948 |   6697 |    251 |   3144 |   2339 |   4 | 1737.0 |
  Orcish Mines |   2772 |   2571 |    201 |   1229 |    746 |   2 | 1386.0 |
   Elven Halls |   2529 |   2435 |     94 |    255 |   1362 |   2 | 1264.5 |
        Vaults |   6298 |   6066 |    232 |    561 |   3856 |   4 | 1574.5 |
        Depths |   1297 |   1297 |      0 |    301 |    534 |   1 | 1297.0 |
      Ice Cave |   1328 |   1328 |      0 |    652 |    349 |   1 | 1328.0 |
               +--------+--------+--------+--------+--------+-----+--------+

Top non-repeatable levels by time:
  Lair:4: 3913 daAuts
    D:14: 3293 daAuts
  Lair:1: 3021 daAuts
Spider:4: 2492 daAuts
    D:10: 2356 daAuts
  Lair:5: 2327 daAuts
    D:15: 2287 daAuts
  Lair:3: 2143 daAuts
  Lair:6: 2035 daAuts
     D:8: 1922 daAuts
  Lair:2: 1909 daAuts
Shoals:4: 1897 daAuts
    D:13: 1891 daAuts
Vaults:4: 1745 daAuts
Vaults:2: 1695 daAuts
